 Dungeon Sprint DCSS version 0.30-a0-738-g116ff8c4af (webtiles) character file.

Game seed: 14494603619929511393

1845 BigDaddyOpFi the Thaumaturge (level 9, -10/55 HPs)
             Began as a Djinni Earth Elementalist on Feb 3, 2023.
             Was the Champion of Qazlal.
             Mangled by Urug
             ... wielding a +2 glaive of distortion
              (12 damage)
             ... in the Dungeon (Sprint VII: "The Pits").
             The game lasted 00:02:55 (1645 turns).

BigDaddyOpFi the Thaumaturge (DjEE)                 Turns: 1645, Time: 00:02:55

Health: -10/55     AC:  9    Str: 17    XL:     9   Next: 34%
Gold:   0          EV: 12    Int: 19    God:    Qazlal [******] SH:  8 Dex: 16

rFire   + + .      SeeInvis .    n - +1 broad axe "Zuffam" {flame, *Rage Str+8 Dex+2}
rCold   x . .      Faith    .    (no shield)
rNeg    . . .      Spirit   .    j - +0 acid dragon scales
rPois   ∞          Reflect  .    (no helmet)
rElec   .          Harm     .    (no cloak)
rCorr   +          Rampage  .    (no gloves)
Will    .....      Rage     20%  (boots unavailable)
Stlth   +          NoTele   +    (no amulet)
HPRegen 0.29/turn                (no ring)
MPRegen 0.00/turn                (no ring)

@: protected from physical damage, flying, repel missiles
A: sickness immunity, fire resistance 2, cold vulnerability 1, float, innate
caster, HP casting, extra vitality 1
a: Renounce Religion, Upheaval, Elemental Force, Disaster Area


You were in the Dungeon.
You worshipped Qazlal.
Qazlal was exalted by your worship.
You visited 1 branch

Inventory:

Hand Weapons
 i - a +2 hand axe
 n - the +1 broad axe "Zuffam" (weapon) {flame, *Rage Str+8 Dex+2}
   (You found it in the Dungeon)

   Str:       It affects your strength (+8).
   Dex:       It affects your dexterity (+2).
   *Rage:     It berserks you when you make melee attacks (+20% chance).
Armour
 a - a +0 robe
 j - +0 acid dragon scales (worn)
 o - a +0 pair of boots
 p - a +3 plate armour
Jewellery
 k - a +3 ring of dexterity
 l - a +3 ring of strength
Potions
 b - 5 potions of magic
 c - 7 potions of curing
 d - 3 potions of heal wounds
 e - 3 potions of haste
 f - 4 potions of berserk rage
 h - 2 potions of invisibility
 m - a potion of might


   Skills:
 - Level 2.1 Dodging
 - Level 1.5 Stealth
 * Level 13.3 Spellcasting
 + Level 10.4 Invocations


You had 16 spell levels left.
You knew the following spells:

 Your Spells              Type           Power      Damage    Failure   Level
a - Sandblast             Erth           100%       2d20      1%          1
b - Passwall              Tmut/Erth      49%        N/A       1%          2
c - Stone Arrow           Conj/Erth      100%       3d13      1%          3
d - Petrify               Tmut/Erth      59%        N/A       1%          4
e - Sting                 Tmut/Pois      100%       1d8       1%          1
f - Ensorcelled Hibernat  Hex/Ice        100%       N/A       1%          2
g - Blink                 Tloc           100%       N/A       1%          2
h - Kindle Blastsparks    Fire/Tloc/Air  100%       2d18      1%          3
Your spell library was empty.

Dungeon Overview and Level Annotations

Branches:
Dungeon (1/1)

Altars:
Ashenzari
Cheibriados
Dithmenos
Elyvilon
Fedhas
Gozag
Hepliaklqana
Makhleb
Nemelex Xobeh
Okawaru
Qazlal
Ru
Trog
Uskayaw
Wu Jian
Xom
Yredelemnul
Zin
The Shining One
Jiyva
Lugonu

Annotations:
D Urug


Innate Abilities, Weirdness & Mutations

You are immune to sickness and miasma.
You are immune to poison.
Your flesh is very heat resistant. (rF++)
You are vulnerable to cold. (rC-)
You float through the air rather than walking.
You learn spells naturally, not from books.
Your magical power is your life essence.
You have superior vitality. (+4 MHP)


Message History

Aim: a polar bear (84% to hit)
The stone arrow hits the polar bear!
The polar bear is moderately wounded.
Casting: Stone Arrow (safe; 1% risk of failure)
Confirm with . or Enter, or press ? or * to list all spells.
Aiming: Stone Arrow (safe; 1% risk of failure)
Press: ? - help, Shift-Dir - straight line, f/p - polar bear
Aim: a polar bear (moderately wounded, 84% to hit)
The stone arrow hits the polar bear!
The polar bear is heavily wounded.
Casting: Stone Arrow (safe; 1% risk of failure)
Confirm with . or Enter, or press ? or * to list all spells.
Aiming: Stone Arrow (safe; 1% risk of failure)
Press: ? - help, Shift-Dir - straight line, f/p - polar bear
Aim: a polar bear (heavily wounded, 84% to hit)
The stone arrow hits the polar bear!!
You kill the polar bear!
Qazlal accepts your kill. Urug closely misses you.
Casting: Stone Arrow (safe; 1% risk of failure)
Confirm with . or Enter, or press ? or * to list all spells.
Aiming: Stone Arrow (safe; 1% risk of failure)
Press: ? - help, Shift-Dir - straight line, f - death knight
Aim: a death knight, wielding a +0 broad axe and wearing a +0 chain mail (reflecting injuries, 78% to hit)
Okay, then.
You feel much better. The death knight misses you.
Urug hits you from afar with a +2 glaive of distortion!!
You feel protected from physical attacks.
Space warps around you.
Casting: Stone Arrow (safe; 1% risk of failure)
Confirm with . or Enter, or press ? or * to list all spells.
Aiming: Petrify (safe; 1% risk of failure)
Press: ? - help, Shift-Dir - straight line, f - death knight
Aim: a death knight, wielding a +0 broad axe and wearing a +0 chain mail (reflecting injuries, chance to affect: 25%)
The death knight is moving more slowly.
Urug hits you from afar with a +2 glaive of distortion!!
* * * LOW HITPOINT WARNING * * *
You feel more protected from physical attacks.
Space warps horribly around you!
You die...

..#####'#####''######
+###.......##''#
..##.......##..#
..##.......##.÷# #
####...<...##..# .##
[.##.......##..# ...#
[.##.......##.°## †....
####.......##...##......
.. ##########..☼@p○.....
.############..○##o.....
)#....#..[.##..## .....
)#†...#!.[.##..# ...#
.)....'..).##..# .##
'#....#..))##..# #
.#....#!.))##..#
################


You could see a death knight (reflects damage, petrifying) and Urug.

Vanquished Creatures
  A demonic crawler (D)
  A guardian mummy (D)
  A polar bear (D)
  A wyvern (D)
  A redback (D)
  An acid dragon (D)
  4 floating eyes (D)
  A bullfrog (D)
  A necrophage (D)
  A crimson imp (D)
  2 orc priests (D)
  An orc wizard (D)
  An adder (D)
  2 river rats (D)
  5 orcs (D)
  A ball python (D)
  A bat zombie (D)
  An endoplasm (D)
  3 giant cockroaches (D)
  5 jackals (D)
  A kobold (D)
  A rat (D)
37 creatures vanquished.

Notes
Turn   | Place    | Note
-------+----------+-------------------------------------------
     0 | D        | BigDaddyOpFi the Djinni Earth Elementalist began the quest
                  | for the Orb.
     0 | D        | BigDaddyOpFi set off with the following spells memorised:
                  | Sandblast, Passwall, Stone Arrow, Petrify.
     0 | D        | Reached XP level 1. HP: 15/15 MP: 0/0
     8 | D        | Noticed a floating eye
    10 | D        | Killed a floating eye
    11 | D        | Reached skill level 7 in Spellcasting
    11 | D        | Reached XP level 2. HP: 20/21 MP: 0/0
    11 | D        | Reached XP level 3. HP: 24/25 MP: 0/0
    11 | D        | Learned a level 1 spell: Sting
    11 | D        | Reached XP level 4. HP: 30/31 MP: 0/0
    11 | D        | Reached XP level 5. HP: 34/35 MP: 0/0
    11 | D        | Learned a level 2 spell: Ensorcelled Hibernation
    16 | D        | Found a bloodstained altar of Trog.
    16 | D        | Found a viscous altar of Jiyva.
    16 | D        | Found a hazy altar of Hepliaklqana.
    16 | D        | Found an opulent altar of Gozag.
    17 | D        | Found a glowing golden altar of the Shining One.
    17 | D        | Found a glowing silver altar of Zin.
    17 | D        | Found a basalt altar of Yredelemnul.
    17 | D        | Found a shimmering altar of Xom.
    17 | D        | Found an ornate altar of the Wu Jian Council.
    17 | D        | Found a sacrificial altar of Ru.
    17 | D        | Found a stormy altar of Qazlal.
    17 | D        | Found an iron altar of Okawaru.
    17 | D        | Found a sparkling altar of Nemelex Xobeh.
    17 | D        | Found a burning altar of Makhleb.
    17 | D        | Found a blossoming altar of Fedhas.
    17 | D        | Found a white marble altar of Elyvilon.
    17 | D        | Found a shadowy altar of Dithmenos.
    17 | D        | Found a snail-covered altar of Cheibriados.
    19 | D        | Found a corrupted altar of Lugonu.
    20 | D        | Found a hide-covered altar of Uskayaw.
    20 | D        | Found a broken altar of Ashenzari.
    24 | D        | Became a worshipper of Qazlal Stormbringer
   213 | D        | Noticed a floating eye
   216 | D        | Killed a floating eye
   216 | D        | Reached * piety under Qazlal
   217 | D        | Reached skill level 8 in Spellcasting
   217 | D        | Reached XP level 6. HP: 38/40 MP: 0/0
   293 | D        | Noticed a floating eye
   295 | D        | Reached ** piety under Qazlal
   295 | D        | Paralysed by a floating eye for 4 turns
   296 | D        | Reached skill level 9 in Spellcasting
   297 | D        | Killed a floating eye
   298 | D        | Reached skill level 5 in Invocations
   298 | D        | Reached XP level 7. HP: 36/45 MP: 0/0
   298 | D        | Learned a level 2 spell: Blink
   305 | D        | Reached skill level 10 in Spellcasting
   508 | D        | Reached *** piety under Qazlal
   510 | D        | Paralysed by a floating eye for 3 turns
   514 | D        | Reached **** piety under Qazlal
   707 | D        | Noticed an acid dragon
   711 | D        | Killed an acid dragon
   711 | D        | Reached ***** piety under Qazlal
   712 | D        | Reached skill level 11 in Spellcasting
  1166 | D        | Noticed a guardian mummy
  1168 | D        | Reached XP level 8. HP: 49/50 MP: 0/0
  1174 | D        | Killed a guardian mummy
  1175 | D        | Reached ****** piety under Qazlal
  1324 | D        | Got the +1 broad axe "Zuffam" {flame, *Rage Str+8 Dex+2}
  1387 | D        | Noticed a demonic crawler
  1387 | D        | Noticed a wyvern
  1391 | D        | Killed a wyvern
  1392 | D        | Reached skill level 12 in Spellcasting
  1394 | D        | HP: 2/50 [demonic crawler (7)]
  1402 | D        | Killed a demonic crawler
  1403 | D        | Reached XP level 9. HP: 27/55 MP: 0/0
  1403 | D        | Learned a level 3 spell: Kindle Blastsparks
  1637 | D        | Noticed Urug
  1637 | D        | Noticed a polar bear
  1637 | D        | Noticed a death knight
  1641 | D        | Reached skill level 13 in Spellcasting
  1641 | D        | Reached skill level 10 in Invocations
  1643 | D        | Killed a polar bear
  1645 | D        | HP: 2/55 [Urug/+2 glaive of distortion (21)]
  1645 | D        | Mangled by Urug

Illustrated notes

Levels and vault maps discovered:
D:        pitsprint [storerooms_1, entrance_room_1, metal_vault_3, armoury_1,
          mini_pit_1, grid_room_1, main_hall_1, silver_pit, the_coven_2,
          the_vestibule_1, steel_vault_4, golden_pit, hallway_of_sentries,
          crystal_vault_2, iron_vault_1, final_vault]

Skill      XL: |  1  2  3  4  5  6  7  8  9 |
---------------+----------------------------+-----
Spellcasting   | 7 8 9 11 12 13 | 13.3
Invocations    | 3 5 7 9 10 | 10.4
Dodging        | |  2.1
Stealth        | |  1.5

Action                     |  1- 3 |  4- 6 |  7- 9 || total
---------------------------+-------+-------+-------++-------
  Melee: Hand axe          |       |     1 |       ||     1
         Broad axe         |       |       |     1 ||     1
   Cast: Sandblast         |     2 |     9 |    28 ||    39
         Stone Arrow       |       |       |    19 ||    19
         Petrify           |       |       |     1 ||     1
    Use: Potion            |       |       |     5 ||     5
         Scroll            |       |       |     1 ||     1
 Armour: Robe              |       |       |     2 ||     2
         Acid dragon scale |       |       |     4 ||     4
  Dodge: Dodged            |       |     7 |    19 ||    26
         Repelled          |       |       |     1 ||     1
  Block: Other             |       |       |     7 ||     7

Table legend: (Time is in decaauts)
 A = Elapsed time spent in this place.
 B = Non-inter-level travel time spent in this place.
 C = Inter-level travel time spent in this place.
 D = Time resting spent in this place.
 E = Time spent auto-exploring this place.
 F = Levels seen in this place.
 G = Mean time per level.
                   A        B        C        D        E       F      G
               +--------+--------+--------+--------+--------+-----+--------+
         Total |   1664 |   1606 |     58 |   1321 |      0 |   1 | 1664.0 |
       Dungeon |   1664 |   1606 |     58 |   1321 |      0 |   1 | 1664.0 |
               +--------+--------+--------+--------+--------+-----+--------+

Top non-repeatable levels by time:
       D: 1664 daAuts
